 Dungeon Crawl Stone Soup version 0.31-a0-1068-g5939ac1fb6 (webtiles) character file.

Game seed: 6744764693023498098

184 Dirtsage the Slasher (level 5, -1/42 HPs)
             Began as a Demonspawn Monk on Nov 24, 2023.
             Slain by an ogre
             ... wielding a +0 giant club
              (7 damage)
             ... on level 4 of the Dungeon.
             The game lasted 00:03:13 (2085 turns).

Dirtsage the Slasher (Demonspawn Monk)              Turns: 2085, Time: 00:03:13

Health: -1/42      AC: 20    Str: 11    XL:     5   Next: 36%
Magic:  5/5        EV:  6    Int: 11    God:
Gold:   152        SH:  4    Dex: 18    Spells: 4/4 levels left

rFire   + . .        a - +0 falchion
rCold   . . .        d - orb {light}
rNeg    . . .        m - +8 chain mail of Wuseemua {rF+ Will- rCorr}
rPois   .            (no helmet)
rElec   .            n - +2 cloak
rCorr   +            (no gloves)
SInv    .            (no boots)
Will    .....        (no amulet) Stlth
                     (no ring)
HPRegen 0.27/turn    (no ring)
MPRegen 0.09/turn

%: no passive effects
@: glowing
A: rugged brown scales 1, condensation shield
a: no special abilities


You were on level 4 of the Dungeon.
You visited 1 branch of the dungeon, and saw 4 of its levels.

You collected 152 gold pieces.

Inventory:

Hand Weapons
 a - a +0 falchion (weapon)
Armour
 b - a +0 robe
 d - an orb of light (worn)
 i - a +0 ring mail
 m - the +8 chain mail of Wuseemua (worn) {rF+ Will- rCorr}
   (You found it on level 3 of the Dungeon)

   rF+:       It protects you from fire.
   Will-:     It decreases your willpower.
   rCorr:     It protects you from acid and corrosion.
 n - a +2 cloak (worn)
Scrolls
 g - 3 scrolls of identify {unknown}
 h - a scroll of amnesia {unknown}
 k - a scroll of blinking {unknown}
Potions
 c - a potion of ambrosia
 e - 3 potions of degeneration {unknown}
 f - a potion of resistance {unknown}
 j - a potion of heal wounds {unknown}
 l - a potion of might {unknown}
 o - a potion of lignification {unknown}


   Skills:
 - Level 3.0 Fighting
 + Level 5.6 Long Blades
 - Level 2.6 Dodging


You had 4 spell levels left.
You didn't know any spells.
Your spell library contained the following spells:

 Spells                   Type           Power      Damage    Failure   Level
 Gell's Gravitas          Tloc           0%         N/A       100%        3
 Teleport Other           Tloc           0%         N/A       100%        3
 Dispersal                Tloc           0%         N/A       100%        6


Dungeon Overview and Level Annotations

Branches:
Dungeon (4/15)
 Temple: D:4-7

Altars:
Sif Muna


Innate Abilities, Weirdness & Mutations

You are partially covered in rugged brown scales. (AC +1, +3% HP)
A meltable shield of frost defends you. (SH +4)


Message History

The black bear bites you.
The black bear claws you but does no damage. x2
You take 3 damage, and have 17/35 hp.
You hit the black bear.
You kill the black bear!
Your Long Blades skill increases to level 5!
You have reached level 5!
Your demonic ancestry asserts itself...
Rugged brown scales grow over part of your body.
MP restored: 5 You see here a black bear corpse.
HP restored.
An ogre comes into view. It is wielding a +0 giant club.
The ogre shouts!
Health restored: 42 You see here a black bear corpse.
You hit the ogre.
The ogre is lightly wounded.
The ogre hits you but does no damage.
You hit the ogre but do no damage.
The ogre is lightly wounded.
You hit the ogre.
The ogre is moderately wounded.
The ogre hits you with a +0 giant club.
You take 6 damage, and have 36/42 hp.
You hit the ogre.
The ogre is heavily wounded.
The ogre hits you with a +0 giant club!
You take 13 damage, and have 23/42 hp.
MASSIVE DAMAGE!!
You hit the ogre.
The ogre is heavily wounded.
You hit the ogre.
The ogre is heavily wounded.
The ogre hits you with a +0 giant club!!
* * * LOW HITPOINT WARNING * * *
You take 18 damage, and have 5/42 hp.
MASSIVE DAMAGE!!
You hit the ogre.
The ogre is severely wounded.
The ogre hits you with a +0 giant club!
You die...

.........#
.........#
.........#
.........#
.........#
.........#
.........#
...#####O#
#@# #.# #.##
#..# ##.#
#.# #.#
#####.######
#..........#


You could see an ogre.

Vanquished Creatures
  A black bear (D:4)
  Jessica (D:2)
  2 adders (D:3)
  3 orcs (D:3)
  4 ball pythons
  5 endoplasms
  2 giant cockroaches (D:2)
  3 goblins
  6 hobgoblins
  A quokka (D:3)
  7 bats
  3 frilled lizards
  3 kobolds
  5 rats
46 creatures vanquished.

Notes
Turn   | Place    | Note
-------+----------+-------------------------------------------
     0 | D:1      | Dirtsage the Demonspawn Monk began the quest for the Orb.
     0 | D:1      | Reached XP level 1. HP: 18/18 MP: 1/1
    46 | D:1      | Reached skill level 3 in Long Blades
   350 | D:1      | Gained mutation: A meltable shield of frost defends you.
                  | (SH +4) [demonic ancestry]
   350 | D:1      | Reached XP level 2. HP: 24/24 MP: 2/2
   784 | D:1      | Found a faded altar of an unknown god.
  1224 | D:2      | Reached XP level 3. HP: 29/29 MP: 3/3
  1393 | D:2      | Reached skill level 4 in Long Blades
  1430 | D:2      | Noticed Jessica
  1436 | D:2      | Killed Jessica
  1615 | D:3      | Found a shimmering blue altar of Sif Muna.
  1671 | D:3      | Reached XP level 4. HP: 35/35 MP: 4/4
  1698 | D:3      | Identified the +8 chain mail of Wuseemua {rF+ Will- rCorr}
  1958 | D:4      | Noticed a black bear
  1981 | D:4      | Killed a black bear
  1982 | D:4      | Reached skill level 5 in Long Blades
  1982 | D:4      | Gained mutation: You are partially covered in rugged brown
                  | scales. (AC +1, +3% HP) [demonic ancestry]
  1982 | D:4      | Reached XP level 5. HP: 18/42 MP: 5/5
  2071 | D:4      | Noticed an ogre
  2085 | D:4      | Slain by an ogre

Illustrated notes

Levels and vault maps discovered:
D:1:      roderic_chinese_lattice_arrival, layout_loops_corners,
          hellmonk_ecumenical_altar_zigzags, grunt_decor_resistance
D:2:      layout_basic, dk_noncrumbling_2, uniq_jessica
D:3:      layout_basic, mainiacjoe_overflow_cross_hatched
D:4:      layout_rooms, minmay_temple_entry_offerings

Skill      XL: |  1  2  3  4 |
---------------+-------------+-----
Long Blades    | 3 4 5 |  5.6
Fighting       | |  3.0
Dodging        | |  2.6

Action                     |  1- 3 |  4- 6 || total
---------------------------+-------+-------++-------
  Melee: Falchion          |    65 |    49 ||   114
 Armour: Robe              |     7 |       ||     7
         Ring mail         |    23 |     3 ||    26
         Chain mail        |       |    68 ||    68
  Dodge: Dodged            |    36 |    27 ||    63

Table legend: (Time is in decaauts)
 A = Elapsed time spent in this place.
 B = Non-inter-level travel time spent in this place.
 C = Inter-level travel time spent in this place.
 D = Time resting spent in this place.
 E = Time spent auto-exploring this place.
 F = Levels seen in this place.
 G = Mean time per level.
                   A        B        C        D        E       F      G
               +--------+--------+--------+--------+--------+-----+--------+
         Total |   2095 |   2004 |     91 |      0 |   1698 |   4 |  523.8 |
       Dungeon |   2095 |   2004 |     91 |      0 |   1698 |   4 |  523.8 |
               +--------+--------+--------+--------+--------+-----+--------+

Top non-repeatable levels by time:
     D:1: 986 daAuts
     D:2: 537 daAuts
     D:3: 433 daAuts
     D:4: 136 daAuts
